Map: Dusk Towers

Players

Grapes - Winner!

  • Race: Zerg Zerg

ironfish

  • Race: Terran Terran

VOD

Have the link to the VOD?

Description

Attempting reaper all-in.

Time

  • Played on: Nov. 10, 2015, 3:43 p.m.
  • Length: 5:26
Show
View Real Time Build Order
Export as new Build Order

Grapes Zerg - Winner!

Build Orders: Pool First 

Get SALT Encoding   

  12  0:01  Drone  
  13  0:10  Drone  
  13  0:13  Extractor  
  13  0:15  Drone  
  14  0:38  Spawning Pool  
  14  0:41  Overlord  
  13  0:48  Drone  
  14  1:25  Queen, Zergling x6  
  17  1:26  Metabolic Boost  
  19  1:56  Hatchery  
  18  2:07  Drone x2  
  20  2:25  Drone  
  20  2:26  Drone  
  22  2:39  Overlord  
  22  2:58  Overlord  
  22  3:05  Lair  
  22  3:09  Extractor  
  21  3:20  Baneling Nest  
  21  3:22  Drone x3  
  21  3:23  Drone x2  
  25  3:38  Drone x2  
  27  3:47  Drone x2  
  29  4:09  Queen  
  27  4:10  Zergling x2  
  27  4:11  Zergling x6  
  30  4:17  Spine Crawler  
  30  4:22  Spine Crawler  
  22  4:52  Zergling x2  
  21  4:53  Zergling x8  
Show
View Real Time Build Order
Export as new Build Order

ironfish Terran 

Build Orders: Reaper Expand 

Get SALT Encoding   

  12  0:09  Supply Depot  
  12  0:19  Refinery  
  12  0:34  Barracks  
  12  1:01  Barracks  
  12  1:06  SCV  
  13  1:23  Reaper  
  14  1:37  Orbital Command  
  14  1:48  Reaper  
  15  1:55  Reaper  
  16  2:24  Supply Depot  
  16  2:40  Reaper  
  16  2:41  Reaper  
  17  3:12  Reaper  
  18  3:31  Command Center  
  18  3:34  Marine  
  18  3:45  Reaper  
  19  3:52  Marine  
  17  4:13  Bunker  
  15  4:43  Reaper  
Tags
 
Add a new tag
Caveats
  • Supply blocks, unpowered buildings, or Contaminate may cause inaccurate times.
  • Supply counts are checked every 10 seconds.